 Dungeon Crawl Stone Soup version 0.18.1-48-g4cf74bf (webtiles) character file.

18 CCXX the Cudgeler (level 2, -1/29 HPs)
             Began as a Troll Berserker on July 27, 2016.
             Was a Follower of Trog.
             Killed by nerve-wracking pain
             ... invoked by Jessica
              (12 damage)
             ... on level 2 of the Dungeon.
             The game lasted 00:07:46 (988 turns).

CCXX the Cudgeler (Troll Berserker)                  Turns: 988, Time: 00:07:46

Health: -1/29      AC:  5    Str: 24    XL:     2   Next: 48%
Magic:  1/1        EV: 10    Int:  3    God:    Trog [*.....]
Gold:   33         SH:  0    Dex:  9    Spells: 0 memorised, 1 level left

rFire  . . .     SeeInvis .     a - +0 mace
rCold  . . .     Gourm    +     b - +0 animal skin
rNeg   . . .     Faith    .     (no shield)
rPois  .         Spirit   .     (helmet restricted)
rElec  .         Dismiss  .     (no cloak)
rCorr  .         Reflect  .     (gloves unavailable)
SustAt .         Harm     .     (boots unavailable)
MR     .....                    (no amulet)
Stlth  +.........               (no ring)
                                (no ring)

@: slowed, very slow, not resistant to hostile enchantments, very unstealthy
A: unfitting armour, claws 3, fast metabolism 3, gourmand, regeneration 2,
shaggy fur 1, tough skin 2
a: Berserk, Burn Spellbooks, Renounce Religion


You were on level 2 of the Dungeon.
You worshipped Trog.
Trog was aware of your devotion.
You were near starving.

You visited 1 branch of the dungeon, and saw 2 of its levels.

You collected 33 gold pieces.

Inventory:

Hand Weapons
 a - a +0 mace (weapon)
 i - a +0 club
 p - a +0 mace
 s - a +0 club
 t - a +0 dagger
 v - a +0 flail of venom
Missiles
 e - 32 stones (quivered)
 n - 7 arrows
 q - 19 bolts
Armour
 b - a +0 animal skin (worn)
 d - a +0 scale mail
 l - a +0 ring mail
Jewellery
 o - a +5 ring of dexterity {unknown}
 u - an uncursed ring of stealth {unknown}
Scrolls
 f - 2 scrolls of remove curse {unknown}
 g - a scroll of identify {unknown}
 k - a scroll of random uselessness {unknown}
Potions
 h - a potion of haste {unknown}
 j - a potion of invisibility {unknown}
 m - a potion of curing {unknown}
 r - a potion of agility {unknown}
Comestibles
 c - 2 bread rations


   Skills:
 + Level 2.7 Fighting
 + Level 3.0 Maces & Flails
 + Level 2.6 Dodging


You had one spell level left.
You didn't know any spells.

Dungeon Overview and Level Annotations

Branches:
Dungeon (2/15)

Altars:

Annotations:
D:2 Jessica


Innate Abilities, Weirdness & Mutations

You are too large for most types of armour.
You have claws for hands.
Your metabolism is lightning-fast.
You like to eat raw meat.
You heal very quickly.
You are covered in fur (AC +1).
You have very tough skin (AC +2).


Message History

You feel yourself slow down. Jessica closely misses you.
You barely miss Jessica.
Jessica is moderately wounded.
Jessica hits you but does no damage.
Jessica casts a spell.
Jessica blinks!
Jessica points at you and mumbles some strange words.
Pain shoots through your body!
You hit Jessica.
Jessica is severely wounded.
Jessica hits you with a club. Jessica closely misses you.
You barely miss Jessica.
Jessica is severely wounded.
Jessica hits you with a club. Jessica hits you but does no damage. x2
You barely miss Jessica.
Jessica is severely wounded.
Jessica closely misses you. x2
Jessica points at you and mumbles some strange words.
Pain shoots through your body!
You die...

#.# #.# ..
#.# .. #.#
.# #.# ##.
#.# #.. #.#
#.# #.# #.#
#.#####@###
#.......@.#
#######.#.#
#.#<# #.# #
#.# #.> ###


You could see Jessica.

Vanquished Creatures
  A giant gecko (D:1)
  5 goblins
  A hobgoblin (D:1)
  A kobold (D:1)
  A ball python (D:1)
  3 bats (D:1)
  4 rats (D:1)
16 creatures vanquished.

Notes
Turn   | Place    | Note
--------------------------------------------------------------
     0 | D:1      | CCXX the Troll Berserker began the quest for the Orb.
     0 | D:1      | Reached XP level 1. HP: 22/22 MP: 0/0
   300 | D:1      | Reached XP level 2. HP: 26/29 MP: 1/1
   718 | D:1      | Reached skill level 3 in Maces & Flails
   976 | D:2      | Noticed Jessica
   988 | D:2      | Killed from afar by Jessica

Skill      XL: |  1  2 |
---------------+-------+-----
Maces & Flails | 3 |  3.0
Fighting       | |  2.7
Dodging        | |  2.6

Action                   || total
-------------------------++-------
Melee: Mace              ||    45
  Eat: Bread ration      ||     1
Armor: Animal skin       ||    14
Dodge: Dodged            ||    23
